 Dungeon Sprint DCSS version 0.17-a0-1468-gbf503c2 (webtiles) character file.

800 hexophile the Grappler (level 7, -14/79 HPs)
             Began as a Naga Monk on July 1, 2015.
             Was a Priest of Cheibriados.
             Demolished by a cyan ugly thing (15 damage)
             ... in the Dungeon (Sprint IX: "|||||||||||||||||||||||||||||").
             The game lasted 00:02:18 (853 turns).

hexophile the Grappler (Naga Monk)                   Turns: 853, Time: 00:02:18

Health: -14/79     AC:  4    Str: 29    XL:     7   Next: 90%
Magic:  7/7        EV: 17    Int: 18    God:    Cheibriados [***...]
Gold:   0          SH:  0    Dex: 22    Spells: 0 memorised, 6 levels left

rFire  . . .     SeeInvis +       - Unarmed
rCold  . . .     Clarity  .     a - +0 robe
rNeg   . . .     SustAt   .     (no shield)
rPois  +         Gourm    .     (no helmet)
rElec  .         Spirit   .     (no cloak)
rCorr  .         Warding  .     m - +0 pair of gloves
rMut   .         NoTele   +     (no barding)
MR     .....                    (no amulet)
Stlth  +++.......               p - +3 ring of strength
                                o - +3 ring of strength

@: very slow, not resistant to hostile enchantments, fairly stealthy
A: see invisible, deformed body, poison resistance, slowness 2, slow metabolism
1, spit poison 2, AC +2
a: Spit Poison, Bend Time, Temporal Distortion, Renounce Religion


You were in the Dungeon.
You worshipped Cheibriados.
Cheibriados was most pleased with you.
You were not hungry.

You visited 1 branch

Inventory:

Armour
 a - a +0 robe (worn)
 m - a +0 pair of gloves (worn)
 n - a +0 pair of gloves
 q - a +1 chain mail
Jewellery
 o - a +3 ring of strength (left hand)
 p - a +3 ring of strength (right hand)
Magical devices
 l - a wand of draining (1)
Scrolls
 h - a scroll of blinking
 j - 3 scrolls of remove curse
 k - 2 scrolls of amnesia
Potions
 c - 5 potions of curing
 d - a potion of heal wounds
 e - a potion of haste
 f - 4 potions of magic
 g - a potion of berserk rage
 i - a potion of invisibility
Comestibles
 b - a bread ration


   Skills:
 + Level 10.1 Fighting
 + Level 8.6 Dodging
 - Level 3.0 Stealth
 + Level 10.5 Unarmed Combat


You had 6 spell levels left.
You didn't know any spells.

Dungeon Overview and Level Annotations

Branches:
Dungeon (1/1)

Altars:
Cheibriados
Dithmenos
Elyvilon
Fedhas
Gozag
Kikubaaqudgha
Makhleb
Nemelex Xobeh
Okawaru
Qazlal
Ru
Sif Muna
Trog
Vehumet
Xom
Yredelemnul
Zin
The Shining One
Beogh
Jiyva
Lugonu


Innate Abilities, Weirdness & Mutations

You cannot wear boots.
Your serpentine skin is tough (AC +2).
You have supernaturally acute eyesight.
Armour fits poorly on your strangely shaped body.
Your system is resistant to poisons.
You cover ground very slowly.
You have a slow metabolism.
You can spit poison.


Message History

You can't do that.
Evoke which item? (* to show all) (? for menu, Esc to quit)
Zapping:
l - a wand of draining (2)
Press: ? - help, Shift-Dir - straight line, f - cyan ugly thing
Aim: a cyan ugly thing (heavily wounded)
The bolt of negative energy hits the cyan ugly thing.
The cyan ugly thing is drained!
The cyan ugly thing is severely wounded.
The bolt of negative energy hits the wraith.
The wraith completely resists.
The bolt of negative energy hits the unseen horror.
The unseen horror is drained!
The unseen horror is moderately wounded.
The bolt of negative energy hits the deep elf mage.
The deep elf mage is drained!
The deep elf mage is almost dead.
This wand has 1 charge left.
The cyan ugly thing pecks you!
* * * LOW HITPOINT WARNING * * *
The cyan ugly thing shocks you!
You die...

▓.▓
▓Y▓
▓o▓
▓e▓
▓x▓
▓W▓
▓u▓
▓@▓
▓.▓
▓.▓
▓.▓
▓.▓
▓.▓
▓'▓
▓÷▓
▓.▓


You could see a cyan ugly thing, an unseen horror (invisible), a wraith, a sky
beast, a deep elf mage and an orc.

Vanquished Creatures
  A hill giant (D)
  A phantom (D)
  A sky beast (D)
  A centaur (D)
  A giant frog (D)
  A giant cockroach (D)
  4 hobgoblins (D)
  A ball python (D)
  A bat (D)
  A giant gecko (D)
  3 rats (D)
16 creatures vanquished.

Vanquished Creatures (others)
  A spatial maelstrom (D)
1 creature vanquished.

Grand Total: 17 creatures vanquished

Notes
Turn   | Place    | Note
--------------------------------------------------------------
     0 | D        | hexophile the Naga Monk began the quest for the Orb.
     0 | D        | Reached XP level 1. HP: 21/21 MP: 1/1
     1 | D        | Banished a spatial maelstrom
   219 | D        | Reached XP level 2. HP: 20/30 MP: 2/2
   453 | D        | Found a glowing silver altar of Zin.
   453 | D        | Found a glowing golden altar of the Shining One.
   453 | D        | Found an ancient bone altar of Kikubaaqudgha.
   453 | D        | Found a basalt altar of Yredelemnul.
   453 | D        | Found a shimmering altar of Xom.
   453 | D        | Found a radiant altar of Vehumet.
   454 | D        | Found an iron altar of Okawaru.
   455 | D        | Found a burning altar of Makhleb.
   456 | D        | Found a deep blue altar of Sif Muna.
   457 | D        | Found a bloodstained altar of Trog.
   458 | D        | Found a sparkling altar of Nemelex Xobeh.
   459 | D        | Found a white marble altar of Elyvilon.
   460 | D        | Found a roughly hewn altar of Beogh.
   461 | D        | Found a viscous altar of Jiyva.
   462 | D        | Found a corrupted altar of Lugonu.
   463 | D        | Found a blossoming altar of Fedhas.
   464 | D        | Found a snail-covered altar of Cheibriados.
   465 | D        | Found a shadowy altar of Dithmenos.
   466 | D        | Found a stormy altar of Qazlal.
   467 | D        | Found an opulent altar of Gozag.
   468 | D        | Found a sacrificial altar of Ru.
   474 | D        | Became a worshipper of Cheibriados the Contemplative
   474 | D        | Acquired Cheibriados's first power
   511 | D        | Noticed a centaur
   511 | D        | Noticed a hill giant
   511 | D        | Noticed a sky beast
   511 | D        | Noticed a giant frog
   511 | D        | Noticed a phantom
   519 | D        | Killed a sky beast
   519 | D        | Reached skill level 5 in Fighting
   519 | D        | Reached skill level 6 in Unarmed Combat
   519 | D        | Reached XP level 3. HP: 12/40 MP: 3/3
   519 | D        | Reached XP level 4. HP: 14/48 MP: 4/4
   523 | D        | Killed a giant frog
   523 | D        | Reached skill level 5 in Dodging
   523 | D        | Reached skill level 7 in Unarmed Combat
   523 | D        | Reached XP level 5. HP: 35/56 MP: 5/5
   530 | D        | Acquired Cheibriados's second power
   531 | D        | Killed a hill giant
   531 | D        | Reached skill level 9 in Fighting
   531 | D        | Reached skill level 10 in Unarmed Combat
   531 | D        | Reached XP level 6. HP: 21/72 MP: 6/6
   531 | D        | Reached XP level 7. HP: 22/78 MP: 7/7
   535 | D        | Killed a centaur
   535 | D        | Acquired Cheibriados's third power
   537 | D        | Killed a phantom
   537 | D        | Reached skill level 10 in Fighting
   846 | D        | Noticed a sky beast
   846 | D        | Noticed a deep elf mage
   846 | D        | Noticed an unseen horror
   846 | D        | Noticed a cyan ugly thing
   846 | D        | Noticed a wraith
   853 | D        | HP: 1/79 [cyan ugly thing (8)]
   853 | D        | Demolished by a cyan ugly thing

Vault maps used:
D:        linesprint

Action                   |  1- 3 |  4- 6 |  7- 9 || total
-------------------------+-------+-------+-------++-------
Melee: Unarmed           |    38 |     5 |     9 ||    52
Invok: Slouch            |       |       |     1 ||     1
Evoke: Wand              |     1 |     4 |     1 ||     6
  Use: Potion            |     1 |     1 |       ||     2
       Scroll            |       |     1 |       ||     1
 Stab: Distracted        |     1 |       |       ||     1
       Sleeping          |     1 |       |       ||     1
